 Dungeon Crawl Stone Soup version 0.28.0-53-g5a82cb258f (webtiles) character file.

Game seed: 7152990757384608932

15 Peloso the Covered (level 2, 0/27 HPs)
             Began as a Minotaur Fighter on July 19, 2022.
             Slain by an adder (3 damage)
             ... on level 2 of the Dungeon.
             The game lasted 00:01:01 (626 turns).

Peloso the Covered (Minotaur Fighter)                Turns: 626, Time: 00:01:01

Health: 0/27       AC:  7    Str: 20    XL:     2   Next: 34%
Magic:  1/1        EV:  9    Int:  5    God:
Gold:   32         SH:  4    Dex:  9    Spells: 1/1 levels left

rFire   . . .      SeeInvis .   a - +0 long sword
rCold   . . .      Faith    .   c - +0 buckler
rNeg    . . .      Spirit   .   b - +0 scale mail
rPois   .          Reflect  .   (helmet restricted)
rElec   .          Harm     .   (no cloak)
rCorr   .          Rampage  .   (no gloves)
Will    .....                   (no boots)
Stlth   ..........              (no amulet)
HPRegen 0.09/turn               (no ring)
MPRegen 0.07/turn               (no ring)

@: no status effects
A: horns 2, retaliatory headbutt
a: no special abilities


You were on level 2 of the Dungeon.
You visited 1 branch of the dungeon, and saw 2 of its levels.

You collected 32 gold pieces.

Inventory:

Hand Weapons
 a - a +0 long sword (weapon)
Armour
 b - a +0 scale mail (worn)
 c - a +0 buckler (worn)
Jewellery
 k - a ring of positive energy
Scrolls
 g - a scroll of teleportation {unknown}
 h - a scroll of amnesia {unknown}
Potions
 d - a potion of might
 i - a potion of cancellation
 j - a potion of invisibility


   Skills:
 + Level 4.0 Fighting
 + Level 2.4 Long Blades
 + Level 4.0 Armour
 + Level 3.9 Shields


You had one spell level left.
You didn't know any spells.
Your spell library contained the following spells:

 Spells                   Type           Power      Damage    Failure   Level
 Shock                    Conj/Air       0%         1d3       89%         1
 Swiftness                Air            0%         N/A       99%         3
 Airstrike                Air            0%         N/A       100%        4


Dungeon Overview and Level Annotations

Branches:
Dungeon (2/15)

Altars:


Innate Abilities, Weirdness & Mutations

You have a pair of horns on your head.
You reflexively headbutt those who attack you in melee.


Message History

There is a stone staircase leading down here.
You climb downwards.
Found 25 stones.
Found a stone staircase leading down.
There is a stone staircase leading up here.
Sorry, I don't know how to get there.
An adder comes into view.
The adder hisses angrily.
An adder is nearby!
An adder is nearby!
An endoplasm comes into view.
Found 2 potions of might.
The endoplasm quivers.
You closely miss the adder. The adder bites you but does no damage.
The adder bites you.
You closely miss the adder. Your headbutt misses the adder.
The adder bites you but does no damage.
You miss the adder. The adder bites you.
You are poisoned.
The adder poisons you! You block the adder's attack.
You barely miss the adder.
You feel sick. The endoplasm freezes you.
You are frozen.
You block the adder's attack. The endoplasm freezes you.
You are frozen.
The adder bites you.
You barely miss the adder.
You feel sick. You block the adder's attack. The endoplasm closely misses you.
You barely miss the adder. Your headbutt misses the adder.
You feel sick. The adder bites you but does no damage.
The endoplasm freezes you.
You are frozen.
The adder bites you but does no damage. The endoplasm freezes you.
You are frozen.
* * * LOW HITPOINT WARNING * * *
You feel sick. The adder bites you but does no damage.
You feel sick.
You are no longer poisoned.
The adder bites you but does no damage. The adder bites you but does no damage.
The adder bites you.
You die...

####
##########...##
...........!..###
....#.@.........
##......SJ........
...##.#.#.........
...##.?........#..
..#.#..........#
...........#...# #
....!....>.#...#.#
...........#.....#
..#.#......#......


You could see an adder and an endoplasm.

Vanquished Creatures
  2 endoplasms (D:1)
  A giant cockroach (D:1)
  A quokka (D:1)
  2 ball pythons (D:1)
  A bat (D:1)
  3 frilled lizards (D:1)
  4 goblins (D:1)
  A kobold (D:1)
15 creatures vanquished.

Notes
Turn   | Place    | Note
-------+----------+-------------------------------------------
     0 | D:1      | Peloso the Minotaur Fighter began the quest for the Orb.
     0 | D:1      | Reached XP level 1. HP: 19/19 MP: 0/0
    13 | D:1      | Found a faded altar of an unknown god.
   267 | D:1      | Reached XP level 2. HP: 26/27 MP: 1/1
   626 | D:2      | Slain by an adder

Illustrated notes

Levels and vault maps discovered:
D:1:      eino_arrival_water_cross, layout_loops_cross,
          hellmonk_ecumenical_altar_prayer_group
D:2:      layout_loops_ring, minmay_misc_feat_doors

Skill      XL: |  1  2 |
---------------+-------+-----
Armour         | 4 |  4.0
Fighting       | 4 |  4.0
Long Blades    | |  2.4
Shields        | |  3.9

Action                   || total
-------------------------++-------
Melee: Long sword        ||    32
       Headbutt          ||     5
  Use: Scroll            ||     3
Armor: Scale mail        ||    16
Dodge: Dodged            ||    18
Block: Buckler           ||     5
